 Dungeon Crawl Stone Soup version 0.27-a0-1325-g58a489ad9e (webtiles) character file.

Game seed: 7557137381705467108

2 puppykicker the Vexing (level 1, -1/14 HPs)
             Began as a Vampire Arcane Marksman on June 24, 2021.
             Slain by a kobold (4 damage)
             ... on level 1 of the Dungeon.
             The game lasted 00:00:16 (43 turns).

puppykicker the Vexing (Vampire Arcane Marksman)      Turns: 43, Time: 00:00:17

Health: -1/14      AC:  2    Str:  9    XL:     1   Next: 33%
Magic:  2/2        EV: 12    Int: 15    God:
Gold:   0          SH:  0    Dex: 14    Spells: 1/2 levels left

rFire    . . .     SeeInvis +   a - +0 shortbow
rCold    . . .     Faith    .   (shield currently unavailable)
rNeg     . . .     Spirit   .   d - +0 robe
rPois    .         Reflect  .   (no helmet)
rElec    .         Harm     .   (no cloak)
rCorr    .         Rampage  .   (no gloves)
Will     .....                  (no boots)
Stlth    +.........             (no amulet)
HPRegen  0.24/turn              (no ring)
MPRegen  0.08/turn              (no ring)

@: healing quickly
A: alive, fangs 3, see invisible, vampiric 1
a: Exsanguinate


You were on level 1 of the Dungeon.
You visited 1 branch of the dungeon, and saw 1 of its levels.

Inventory:

Hand Weapons
 a - a +0 shortbow (weapon)
Missiles
 Q - 12 arrows (quivered ammo)
Armour
 d - a +0 robe (worn)


   Skills:
 - Level 0.8 Fighting
 + Level 1.8 Bows
 - Level 2.1 Dodging
 - Level 1.0 Spellcasting
 - Level 4.4 Hexes


You had one spell level left.
You knew the following spells:

 Your Spells              Type           Power      Damage    Failure   Level
a - Corona                Hex            14%        N/A       4%          1

Your spell library contained the following spells:

 Spells                   Type           Power      Damage    Failure   Level
 Slow                     Hex            13%        N/A       6%          2
 Inner Flame              Hex/Fire       7%         N/A       30%         3
 Portal Projectile        Hex/Tloc       14%        N/A       30%         3
 Cause Fear               Hex            6%         N/A       38%         4
 Leda's Liquefaction      Hex/Erth       3%         N/A       69%         4


Dungeon Overview and Level Annotations

Branches:
Dungeon (1/15)

Altars:

Annotations:
D:1 1 runed translucent door


Innate Abilities, Weirdness & Mutations

Your natural rate of healing is accelerated.
You have razor-sharp teeth.
You have supernaturally acute eyesight. (SInv)
You are afflicted with vampirism.


Message History

The jackal bites you.
You take 1 damage, and have 13/14 hp.
You shoot an arrow. The arrow misses the jackal.
The jackal bites you. The jackal barely misses you. The jackal bites you. x2
The jackal closely misses you. The jackal misses you.
You take 4 damage, and have 9/14 hp.
MASSIVE DAMAGE!!
A frilled lizard comes into view.
The jackal bites you. x2
* * * LOW HITPOINT WARNING * * *
You take 2 damage, and have 7/14 hp.
The jackal closely misses you. The jackal barely misses you.
A kobold comes into view. It is wielding a +0 dagger.
The kobold shouts!
The jackal bites you.
* * * LOW HITPOINT WARNING * * *
You take 1 damage, and have 7/14 hp.
The kobold hits you but does no damage.
The kobold throws a stone.
The stone barely misses you.
The jackal bites you but does no damage.
The jackal bites you.
* * * LOW HITPOINT WARNING * * *
You take 3 damage, and have 5/14 hp.
MASSIVE DAMAGE!!
Really attack while wielding your +0 shortbow? [Y]es or [N]o only, please.
Really attack while wielding your +0 shortbow? [Y]es or [N]o only, please.
Really attack while wielding your +0 shortbow?
You closely miss the jackal. The jackal bites you.
* * * LOW HITPOINT WARNING * * *
The jackal bites you.
* * * LOW HITPOINT WARNING * * *
You take 3 damage, and have 2/14 hp.
MASSIVE DAMAGE!!
You closely miss the jackal. The jackal barely misses you.
The jackal bites you but does no damage.
The kobold hits you with a +0 dagger.
You die...

##....⌠+..# #########
<......# .## #.......#
>...⌠..#...# .......#
####'###.#.# ......
.........#.######..#
.....#.###.#.h.h..h#
..(###.).....#####.# ...
###.#...#####h###### ##.
.......#h..#@h........ #
.....#.###.K.K........
...#####..###(.......(..
.. ##............... .
....##.(...(.....
................. ..
...(...##.### ...##..##
.. ...! ..#


You could see 2 jackals and 2 kobolds.

Levels and vault maps discovered:
D:1:      dpeg_arrival_caged_fury, layout_rooms,
          hellmonk_ecumenical_altar_inner_sanctum

Notes
Turn   | Place    | Note
-------+----------+-------------------------------------------
     0 | D:1      | puppykicker the Vampire Arcane Marksman began the quest for
                  | the Orb.
     0 | D:1      | Reached XP level 1. HP: 14/14 MP: 2/2
     1 | D:1      | Found a runed translucent door.
     9 | D:1      | Identified a +0 mace
    23 | D:1      | Identified a +0 dagger
    34 | D:1      | Identified a +0 dagger
    42 | D:1      | HP: 3/14 [jackal (2)]
    43 | D:1      | Slain by a kobold

Table legend: (Time is in decaauts)
 A = Elapsed time spent in this place.
 B = Non-inter-level travel time spent in this place.
 C = Inter-level travel time spent in this place.
 D = Time resting spent in this place.
 E = Time spent auto-exploring this place.
 F = Levels seen in this place.
 G = Mean time per level.
                   A        B        C        D        E       F      G
               +--------+--------+--------+--------+--------+-----+--------+
         Total |     45 |     45 |      0 |      0 |     18 |   1 |   45.0 |
       Dungeon |     45 |     45 |      0 |      0 |     18 |   1 |   45.0 |
               +--------+--------+--------+--------+--------+-----+--------+

Top non-repeatable levels by time:
     D:1: 45 daAuts

Table legend:
 A = Kills in this place as a percentage of kills in entire the game.
 B = Kills by you in this place as a percentage of kills by you in the entire game.
 C = Kills by friends in this place as a percentage of kills by friends in the entire game.
 D = Other kills in this place as a percentage of other kills in the entire game.
 E = Experience gained in this place as a percentage of experience gained in the entire game.
 F = Experience gained in this place divided by the number of levels of this place that you have seen.
                   A       B       C       D       E      F
               +-------+-------+-------+-------+-------+----------------------
         Total | 100.0 | 100.0 |   N/A |   N/A | 100.0 |   4.0
       Dungeon | 100.0 | 100.0 |   N/A |   N/A | 100.0 |   4.0
               +-------+-------+-------+-------+-------+----------------------

Action                   || total
-------------------------++-------
Melee: Shortbow          ||     2
 Fire: Shortbow          ||     8
Armor: Robe              ||     7
Dodge: Dodged            ||     9

Vanquished Creatures
  A bat (D:1)
  An endoplasm (D:1)
2 creatures vanquished.
